 Dungeon Crawl Stone Soup version 0.29.0-13-gc9e81de378 (webtiles) character file.

Game seed: 16948131724570808918

3570 ragingrage the Cleaver (level 10, 0/93 HPs)
             Began as a Hill Orc Monk on Sept 10, 2022.
             Was a Believer of Beogh.
             Slain by a kobold brigand
             ... wielding a +0 dagger
              (4 damage)
             ... on level 7 of the Dungeon.
             The game lasted 00:09:05 (8723 turns).

ragingrage the Cleaver (Hill Orc Monk)              Turns: 8723, Time: 00:09:06

Health: 0/93       AC: 11    Str: 19    XL:     10   Next: 9%
Magic:  16/16      EV: 10    Int: 10    God:    Beogh [**....]
Gold:   92         SH:  0    Dex: 13    Spells: 9/9 levels left

rFire   . . .      SeeInvis .   b - +2 dagger (venom)
rCold   . . .      Faith    .   (no shield)
rNeg    . . .      Spirit   .   m - +0 scale mail
rPois   .          Reflect  .   h - +0 helmet
rElec   .          Harm     .   j - +0 cloak
rCorr   .          Rampage  .   E - +2 pair of gloves
Will    .....                   (no boots)
Stlth   ..........              s - amulet of regeneration
HPRegen 1.05/turn               (no ring)
MPRegen 0.15/turn               (no ring)

@: lethally poisoned (0 -> -1), slowed, very slow
A: no striking features
a: Renounce Religion, Smiting


You were on level 7 of the Dungeon.
You worshipped Beogh.
Beogh was pleased with you.
You visited 2 branches of the dungeon, and saw 8 of its levels.

You collected 324 gold pieces.
You spent 232 gold pieces at shops.

Inventory:

Hand Weapons
 a - a +0 hand axe
 b - a +2 dagger of venom (weapon)
 u - a +2 trident of protection
Missiles
 k - 9 boomerangs (quivered)
 r - 14 poisoned darts
Armour
 h - a +0 helmet (worn)
 j - a +0 cloak (worn)
 m - a +0 scale mail (worn)
 E - a +2 pair of gloves (worn)
Jewellery
 s - an amulet of regeneration (around neck)
 D - a ring of resist corrosion
Wands
 w - a wand of polymorph (11)
 z - a wand of quicksilver (7)
Scrolls
 e - 11 scrolls of identify {@rr}
 f - 2 scrolls of amnesia
 g - a scroll of summoning {unknown}
 l - a scroll of teleportation
 p - a scroll of silence {unknown}
 t - a scroll of noise {unknown}
 v - 2 scrolls of magic mapping {unknown}
 x - a scroll of enchant armour {unknown}
 y - a scroll of butterflies {unknown}
 B - a scroll of immolation {unknown}
 C - 3 scrolls of vulnerability {unknown}
Potions
 c - 3 potions of ambrosia
 d - 4 potions of curing
 i - 2 potions of brilliance {unknown}
 n - 4 potions of flight {unknown}
 o - 3 potions of heal wounds {unknown}
 q - 3 potions of haste {unknown}


   Skills:
 - Level 10.0 Fighting
 + Level 13.5 Axes
 - Level 2.4 Dodging
 - Level 1.5 Stealth
 + Level 8.0 Invocations


You had 9 spell levels left.
You didn't know any spells.
Your spell library contained the following spells:

 Spells                   Type           Power      Damage    Failure   Level
 Foxfire                  Conj/Fire      0%         2x1d4     77%         1
 Necrotise                Necr           0%         1d4       77%         1
 Conjure Flame            Conj/Fire      0%         6-21      98%         3
 Inner Flame              Hex/Fire       0%         N/A       98%         3
 Summon Guardian Golem    Hex/Summ       0%         N/A       98%         3
 Vampiric Draining        Necr           0%         2d6       98%         3
 Flame Wave               Conj/Fire      0%         2d4       100%        4
 Fulminant Prism          Conj/Hex       0%         3d6       100%        4
 Iskenderun's Mystic Bla  Conj/Tloc      0%         2d3       100%        4
 Agony                    Necr           0%         N/A       100%        5
 Lee's Rapid Deconstruct  Erth           0%         3d5*      100%        5
 Conjure Ball Lightning   Conj/Air       0%         3x3d6     100%        6
 Orb of Destruction       Conj           0%         9d5       100%        7
 Spellforged Servitor     Conj/Summ      0%         N/A       100%        7
 Discord                  Hex            0%         N/A       100%        8
 Disjunction              Tloc           0%         N/A       100%        8


Dungeon Overview and Level Annotations

Branches:
Dungeon (7/15)             Temple (1/1) D:5

Altars:
Makhleb

Shops:
D:3 (   D:5 [   D:6 [

Annotations:
D:2 Sigmund
D:3 3 runed translucent doors, BiteMe's ghost, weakling DsFE; TheSexyCheese's ghost, amateur MiFi; dornbeast's ghost, amateur FeSu; xian's ghost, amateur TeHu
D:4 exclusion: downstairs


Message History

The orc is heavily wounded.
You feel sick. The orc hits you but does no damage.
You closely miss the orc.
The orc is almost dead.
You feel sick. The orc closely misses you. The orc hits you but does no damage.
You closely miss the orc.
The orc is almost dead.
You feel sick. The orc hits you with a +0 hand axe.
You hit the orc but do no damage.
The orc is almost dead.
You feel sick.
You are no longer poisoned.
The orc closely misses you. The orc hits you with a +0 hand axe.
You hit the orc but do no damage.
The orc looks as sick as possible!
The orc is almost dead.
You kill the orc!
Beogh accepts your kill.
The kobold brigand throws a curare-tipped dart.
The curare-tipped dart hits you.
You are poisoned.
You have difficulty breathing.
You feel as though you will be slow longer.
A shadow comes into view.
You feel very sick.
The kobold brigand hits you with a +0 dagger.
* * * LOW HITPOINT WARNING * * *
The kobold brigand hits you but does no damage.
Items here: ))) [[ †.
You closely miss the kobold brigand.
You feel sick.
The shadow slips into darkness.
The shadow flickers and vanishes!
Deactivating autopickup; reactivate with Ctrl-A.
The kobold brigand hits you but does no damage.
You closely miss the kobold brigand.
You feel sick. The kobold brigand closely misses you.
The shadow strikes at you from the darkness!
* * * LOW HITPOINT WARNING * * *
Reactivating autopickup.
The kobold brigand hits you with a +0 dagger.
You die...

####....##..##..#..#
##...#..###..##..# .
###.#....(#$# #.#
....#########)(....###.
.. .#oo.....#..#.###.#
. # .K...#####....#..#
.# F#.#....##.##.##..#
#..)KW...##...
####@###..##... #.#
#..###.# #.......# #...
.. .######## ###.


You could see a kobold brigand and a shadow.

Vanquished Creatures
  A cyclops (D:7)
  A kobold demonologist (D:7)
  2 shadows
  2 wyverns (D:7)
  An orc warrior (D:5)
  2 ice beasts
  2 centaurs
  An ogre (D:5)
  A kobold brigand (D:6)
  5 bullfrogs
  4 necrophages
  5 scorpions
  5 jellies
  2 orc priests (D:6)
  A gnoll bouda (D:5)
  5 hounds
  An iguana (D:6)
  Natasha (twice) (D:3)
  8 orc wizards
  4 gnolls (D:5)
  6 adders
  4 white imps
  2 worms
  19 orcs
  7 bats
  4 endoplasms
  2 giant cockroaches
  5 goblins
  3 hobgoblins
  2 jackals (D:2)
  5 quokkas
  13 ball pythons
  A frilled lizard (D:2)
  8 kobolds
  5 rats
141 creatures vanquished.

Vanquished Creatures (others)
  An orc priest (D:6)
  An orc wizard (D:7)
  A plant (D:7)
  2 withered plants (D:3)
5 creatures vanquished.

Grand Total: 146 creatures vanquished

Notes
Turn   | Place    | Note
-------+----------+-------------------------------------------
     0 | D:1      | ragingrage the Hill Orc Monk began the quest for the Orb.
     0 | D:1      | Reached XP level 1. HP: 19/19 MP: 1/1
   352 | D:1      | Found a faded altar of an unknown god.
   510 | D:1      | Reached XP level 2. HP: 26/26 MP: 2/2
   773 | D:1      | Reached skill level 5 in Axes
  1306 | D:2      | Noticed Sigmund
  1389 | D:2      | Reached XP level 3. HP: 25/31 MP: 3/3
  1598 | D:3      | Found a runed translucent gate.
  1598 | D:3      | Found a runed translucent gate.
  1598 | D:3      | Found a runed translucent gate.
  1598 | D:3      | Noticed BiteMe's ghost (weakling DsFE)
  1598 | D:3      | Noticed TheSexyCheese's ghost (amateur MiFi)
  1598 | D:3      | Noticed dornbeast's ghost (amateur FeSu)
  1598 | D:3      | Noticed xian's ghost (amateur TeHu)
  1811 | D:3      | Reached skill level 6 in Axes
  2109 | D:2      | Reached XP level 4. HP: 39/39 MP: 4/4
  3654 | D:3      | Found Juoxoes's Weapon Emporium.
  3662 | D:3      | Bought 3 poisoned darts for 15 gold pieces
  3767 | D:3      | Noticed Natasha
  3776 | D:3      | Killed Natasha
  3777 | D:3      | Reached skill level 7 in Axes
  3777 | D:3      | Reached XP level 5. HP: 47/47 MP: 5/5
  3841 | D:3      | Noticed Natasha
  3848 | D:3      | Killed Natasha
  4228 | D:4      | Reached skill level 5 in Fighting
  4228 | D:4      | Reached XP level 6. HP: 45/56 MP: 6/6
  4389 | D:4      | Found a burning altar of Makhleb.
  5169 | D:5      | Entered Level 5 of the Dungeon
  5253 | D:5      | Reached skill level 8 in Axes
  5471 | D:5      | Noticed an orc warrior
  5567 | D:5      | Found Copha's Antique Armour Emporium.
  5752 | D:5      | Reached XP level 7. HP: 55/63 MP: 7/7
  5911 | D:5      | Found a staircase to the Ecumenical Temple.
  6014 | D:5      | Reached skill level 9 in Axes
  6447 | D:5      | Reached XP level 8. HP: 31/73 MP: 8/8
  6830 | D:5      | Reached skill level 10 in Axes
  6956 | Temple   | Entered the Ecumenical Temple
  7133 | D:6      | Found Ecluer's Antique Armour Boutique.
  7343 | D:6      | Became a worshipper of Beogh the Brigand
  7343 | D:6      | Reached * piety under Beogh
  7343 | D:6      | Reached ** piety under Beogh
  7599 | D:6      | Bought a pair of glowing gloves for 217 gold pieces
  7617 | D:6      | Reached skill level 11 in Axes
  7823 | D:6      | Reached skill level 1 in Invocations
  8077 | D:6      | Reached XP level 9. HP: 81/84 MP: 10/10
  8259 | D:7      | Noticed a boulder beetle
  8395 | D:6      | Reached skill level 10 in Fighting
  8395 | D:6      | Reached skill level 12 in Axes
  8565 | D:7      | Reached skill level 5 in Invocations
  8651 | D:7      | Noticed a cyclops
  8678 | D:7      | Noticed a kobold demonologist
  8683 | D:7      | Noticed a hellwing
  8683 | D:7      | Killed a cyclops
  8683 | D:7      | Killed a kobold demonologist
  8684 | D:7      | Reached skill level 13 in Axes
  8684 | D:7      | Reached XP level 10. HP: 36/93 MP: 13/15
  8723 | D:7      | HP: 4/93 [something (23)]
  8723 | D:7      | Slain by a kobold brigand

Illustrated notes

Levels and vault maps discovered:
D:1:      giann_forest_graveyard, layout_basic,
          shapermc_ecumenical_altar_mp_ritualfount, kennysheep_pointless_box
D:2:      layout_basic, kennysheep_generic_room_8, uniq_sigmund
D:3:      layout_basic, serial_shops, nicolae_shop_bloodbath_and_beyond,
          gammafunk_ghost_cemetery, minmay_cupped, uniq_natasha
D:4:      layout_cave_pools, mainiacjoe_overflow_paths
D:5:      minmay_razor_zed, layout_loops_ring, minmay_temple_entry_large_hall,
          serial_shops, nicolae_stop_n_shop_2
D:6:      layout_loops_ring, serial_shops, nicolae_shop_crystal,
          grunt_ministairs_3, corexii_corridor_pit
D:7:      minmay_the_grid_octo_tiled_octocenter [minmay_the_grid_octo_odd_swirl,
          minmay_the_grid_octo_pinwheel, minmay_the_grid_octo_clover_2,
          minmay_the_grid_octo_chip, minmay_the_grid_octo_prize_star,
          minmay_the_grid_square_5x5_six_small,
          minmay_the_grid_square_5x5_checkered_statues,
          minmay_the_grid_square_5x5_n, minmay_the_grid_square_5x5_minivault],
          layout_loops_cross, gammafunk_temple_overflow_forgotten, st_stairs_12,
          wad_rectangle_vault, uniq_menkaure, uniq_crazy_yiuf_cottage,
          uniq_prince_ribbit1
Temple:   mainiacjoe_temple_bowtie_tessellation

Skill      XL: |  1  2  3  4  5  6  7  8  9 10 |
---------------+-------------------------------+-----
Axes           | 5 6 7 8 9 11 13 | 13.5
Fighting       | 4 5 6 7 9 10 | 10.0
Invocations    | 2 7 8 |  8.0
Dodging        | |  2.4
Stealth        | |  1.5

Action                   |  1- 3 |  4- 6 |  7- 9 | 10-12 || total
-------------------------+-------+-------+-------+-------++-------
Melee: Hand axe          |   114 |       |    15 |       ||   129
       Punch             |     1 |     1 |     4 |       ||     6
       Dagger            |    21 |   154 |   327 |    22 ||   524
       Trident           |       |       |    61 |       ||    61
Throw: Boomerang         |       |     1 |       |       ||     1
       Dart              |       |       |     3 |       ||     3
       Throwing net      |       |       |     1 |       ||     1
Invok: Convert to Beogh  |       |       |     1 |       ||     1
Evoke: Wand              |       |       |     4 |       ||     4
  Use: Scroll            |       |       |     2 |       ||     2
       Potion            |       |       |       |     1 ||     1
 Stab: Sleeping          |     3 |       |       |       ||     3
Armor: Robe              |    20 |       |       |       ||    20
       Scale mail        |    21 |    65 |   195 |    13 ||   294
Dodge: Dodged            |    69 |    88 |   203 |    14 ||   374
